 Dungeon Crawl Stone Soup version 0.31-a0-851-g7ff8af7976 (webtiles) character file.

Game seed: 3316731098131342708

263101 Ijustatesigmund the Sorcerer (level 19, -3/112 HPs)
             Began as a Deep Elf Fire Elementalist on Oct 3, 2023.
             Was the Champion of Vehumet.
             Engulfed by a cloud of freezing vapour (25 damage)
             ... on level 1 of the Vaults on Oct 5, 2023.
             The game lasted 03:18:14 (64425 turns).

Ijustatesigmund the Sorcerer (DEFE)                Turns: 64425, Time: 03:18:15

Health: -3/112     AC: 17    Str:  5    XL:     19   Next: 24%
Magic:  36/46      EV: 18    Int: 38    God:    Vehumet [******]
Gold:   1769       SH:  5    Dex: 17    Spells: 14/60 levels left

rFire   + . .        G - +4 orcbow
rCold   . . .        (shield currently unavailable)
rNeg    + + .        T - +2 robe {Will+}
rPois   +            f - +2 helmet {Int+3}
rElec   +            P - +1 cloak {rPois}
rCorr   .            l - +1 pair of gloves
SInv    .            z - +1 pair of boots
Will    +++..        y - amulet of reflection
Stlth   +++++        u - ring "Cinamnoy" {Will+ AC+4}
HPRegen 0.38/turn    K - ring of Opti {rElec rN++ Int+6 Dex+2 Slay+3}
MPRegen 0.30/turn

%: reflection, clarity
@: studying Shields
A: clarity, fire resistance 1, wild magic 1
}: 2/15 runes: serpentine, barnacled
a: Renounce Religion


You were on level 1 of the Vaults.
You worshipped Vehumet.
Vehumet was exalted by your worship.
You visited 7 branches of the dungeon, and saw 32 of its levels.
You also visited: Sewer, Bailey and Gauntlet.

You collected 4662 gold pieces.
You spent 2893 gold pieces at shops.

Inventory:

Hand Weapons
 p - the +8 dagger "Ale Boifu" {flame, Fly rN+}
   (You found it on level 3 of the Dungeon)

   rN+:       It protects you from negative energy.
   Fly:       It grants you flight.
 G - a +4 orcbow (weapon)
Missiles
 M - 9 throwing nets
Armour
 f - a +2 helmet of intelligence (worn)
 l - a +1 pair of gloves (worn)
 z - a +1 pair of boots (worn)
 E - a +1 robe of fire resistance
 H - a +1 kite shield of reflection
 P - a +1 cloak of poison resistance (worn)
 T - a +2 robe of willpower (worn)
Magical Staves
 R - a staff of earth
Jewellery
 e - a ring of protection from fire
 q - a ring of flight
 u - the ring "Cinamnoy" (left hand) {Will+ AC+4}
   (You found it on level 6 of the Dungeon)

   [ring of protection]

   AC+4:      It affects your AC (+4).
   Will+:     It increases your willpower.
 y - an amulet of reflection (around neck)
 J - a +5 ring of evasion
 K - the ring of Opti (right hand) {rElec rN++ Int+6 Dex+2 Slay+3}
   (You bought it in a shop on level 4 of the Dungeon)

   [ring of intelligence]

   Int+6:     It affects your intelligence (+6).
   Dex+2:     It affects your dexterity (+2).
   Slay+3:    It affects your accuracy & damage with ranged weapons and melee
   (+3).
   rElec:     It insulates you from electricity.
   rN++:      It greatly protects you from negative energy.
 U - a ring of positive energy
Wands
 a - a wand of acid (13)
 j - a wand of mindburst (16)
 A - a wand of polymorph (14)
 B - a wand of paralysis (7)
 N - a wand of iceblast (16)
 Q - a wand of digging (5)
Scrolls
 b - 3 scrolls of vulnerability
 c - 5 scrolls of revelation
 i - 12 scrolls of teleportation
 n - 6 scrolls of noise
 s - a scroll of silence
 t - 5 scrolls of fear
 v - a scroll of torment
 x - 7 scrolls of amnesia
 D - a scroll of enchant weapon
 L - 10 scrolls of identify
 S - 4 scrolls of immolation
 V - 2 scrolls of fog
 Z - 2 scrolls of poison
Potions
 d - 7 potions of lignification
 g - 6 potions of might
 h - 5 potions of enlightenment
 k - 5 potions of attraction
 m - 2 potions of cancellation
 o - 5 potions of haste
 r - 12 potions of mutation
 w - 3 potions of brilliance
 C - 2 potions of magic
 F - 4 potions of berserk rage
 W - a potion of resistance
 X - 2 potions of heal wounds
 Y - 8 potions of curing
Miscellaneous
 I - a condenser vane
 O - a lightning rod (4/4)


   Skills:
 - Level 10.1 Fighting
 - Level 15.3 Ranged Weapons
 - Level 9.8 Dodging
 - Level 10.0 Stealth
 - Level 11.0 Shields
 + Level 21.0 Spellcasting
 + Level 15.6 Conjurations
 - Level 7.2 Translocations
 + Level 13.6 Fire Magic
 - Level 10.0 Ice Magic
 - Level 4.0 Air Magic
 - Level 6.0 Earth Magic
 - Level 9.2 Evocations


You had 14 spell levels left.
You knew the following spells:

 Your Spells              Type           Power      Damage    Failure   Level
a - Foxfire               Conj/Fire      100%       2x1d9     1%          1
b - Scorch                Fire           100%       2d9       1%          2
c - Flame Wave            Conj/Fire      100%       2d21      1%          4
d - Frozen Ramparts       Ice            100%       1d16      1%          3
e - Blink                 Tloc           100%       N/A       1%          2
f - Swiftness             Air            75%        N/A       1%          3
g - Ignite Poison         Fire/Tmut/Pois 77%        N/A       1%          3
i - Bombard               Conj/Erth      51%        9d9       1%          6
j - Iskenderun's Mystic   Conj/Tloc      100%       2d19      1%          4
k - Starburst             Conj/Fire      57%        6d15      1%          6
l - Irradiate             Conj/Tmut      46%        3d27      1%          5
m - Freezing Cloud        Conj/Ice/Air   49%        6-21      1%          5
n - Passwall              Tmut/Erth      57%        N/A       1%          2

Your spell library contained the following spells:

 Spells                   Type           Power      Damage    Failure   Level
 Fire Storm               Conj/Fire      57%        8d15      43%         9
 Chain Lightning          Conj/Air       49%        3d66      95%         9
 Apportation              Tloc           100%       N/A       1%          1
 Freeze                   Ice            100%       1d10      1%          1
 Magic Dart               Conj           100%       1d8       1%          1
 Ensorcelled Hibernation  Hex/Ice        100%       N/A       1%          2
 Lesser Beckoning         Tloc           100%       N/A       1%          2
 Momentum Strike          Conj/Tloc      100%       3d10      1%          2
 Static Discharge         Conj/Air       100%       2-7/arc   1%          2
 Hailstorm                Conj/Ice       100%       3d20      1%          3
 Inner Flame              Hex/Fire       88%        N/A       1%          3
 Mephitic Cloud           Conj/Pois/Air  86%        N/A       1%          3
 Stone Arrow              Conj/Erth      100%       3d13      1%          3
 Volatile Blastmotes      Fire/Tloc      100%       2d18      1%          3
 Airstrike                Air            37%        2d(6-22)  1%          4
 Sticky Flame             Conj/Fire      100%       2d11      1%          4
 Vhi's Electric Charge    Tloc/Air       100%       N/A       1%          4
 Arcjolt                  Conj/Air       49%        1d59      1%          5
 Plasma Beam              Fire/Air       48%        2x1d62    1%          6
 Call Imp                 Summ           100%       N/A       2%          2
 Jinxbite                 Hex            100%       N/A       2%          2
 Wereblood                Tmut           51%        N/A       2%          2
 Call Canine Familiar     Summ           51%        N/A       3%          3
 Sigil of Binding         Hex            51%        N/A       3%          3
 Tukima's Dance           Hex            51%        N/A       3%          3
 Animate Armour           Summ/Erth      100%       N/A       3%          4
 Dimensional Bullseye     Hex/Tloc       36%        N/A       3%          4
 Leda's Liquefaction      Hex/Erth       34%        N/A       3%          4
 Ozocubu's Refrigeration  Ice            50%        4d18      3%          7
 Summon Lightning Spire   Summ/Air       64%        N/A       4%          4
 Yara's Violent Unravell  Hex/Tmut       25%        3d11      7%          5
 Borgnjor's Vile Clutch   Necr/Erth      34%        N/A       9%          5
 Anguish                  Hex/Necr       25%        N/A       10%         4
 Animate Dead             Necr           51%        N/A       10%         4
 Cause Fear               Hex            25%        N/A       10%         4
 Lehudib's Crystal Spear  Conj/Erth      51%        10d12     17%         8
 Simulacrum               Ice/Necr       39%        N/A       19%         6
 Alistair's Intoxication  Tmut/Pois      34%        N/A       26%         5
 Eringya's Noxious Bog    Tmut/Pois      25%        4d6       30%         6
 Death Channel            Necr           25%        N/A       77%         6
 Summon Cactus Giant      Summ           25%        N/A       77%         6
 Polar Vortex             Ice            50%        12d6*     95%         9
 Enfeeble                 Hex            25%        N/A       100%        7
 Haunt                    Necr/Summ      25%        N/A       100%        7
 Borgnjor's Revivificati  Necr           25%        N/A       100%        8
 Infestation              Necr           25%        N/A       100%        8
 Death's Door             Necr           25%        N/A       100%        9


Dungeon Overview and Level Annotations

Branches:
Dungeon (15/15)            Temple (1/1) D:4            Lair (5/5) D:10
 Shoals (4/4) Lair:3        Snake (4/4) Lair:2        Slime (0/5) Lair:5
    Orc (2/2) D:10            Elf (0/3) Orc:2        Vaults (1/5) D:13
 Depths (0/4) D:15          Sewer (visited)          Bailey (visited)
Gauntlet (visited)

Altars:
Ashenzari
Cheibriados
Dithmenos
Elyvilon
Fedhas
Gozag
Hepliaklqana
Kikubaaqudgha
Makhleb
Nemelex Xobeh
Okawaru
Qazlal
Ru
Sif Muna
Trog
Uskayaw
Vehumet
Wu Jian
Xom
Yredelemnul
Zin
The Shining One
Jiyva

Shops:
D:3 ?   D:4 =   D:5 *=:**   D:9 *   Orc:1 :   Orc:2 ?=!:   Shoals:2 :
Snake:1 ?   Snake:2 :   Vaults:1 [

Portals:
Trove: D:10 (give +3 shadow dragon scales)

Annotations:
D:12 3 runed translucent doors, BinkBink's ghost, novice MiFi
D:13 3 runed translucent doors, Hatoon's ghost, journeyman OpSh
Shoals:3 Mara


Innate Abilities, Weirdness & Mutations

You possess an exceptional clarity of mind.
Your flesh is heat resistant. (rF+)
Your spells are a little harder to cast, but a little more powerful.


Message History

The ironbound preserver is engulfed in freezing vapours. x2
The ironbound preserver hits you but does no damage.
The vault sentinel is engulfed in freezing vapours.
The vault sentinel blows a loud note on a signal horn!
You hear a shout!
Casting: Freezing Cloud (mildly dangerous; 1% risk of failure)
Confirm with . or Enter, or press ? or * to list all spells.
Casting: Starburst (mildly dangerous; 1% risk of failure)
Press: ? - help, Dir - look around, f - activate The bolt of fire hits the ironbound preserver!!!
You kill the ironbound preserver!
Vehumet accepts your kill.
You feel your power returning.
You hear a sizzling sound!
You are engulfed in freezing vapours.
The ironbound preserver is engulfed in freezing vapours.
The ironbound preserver mumbles some strange words.
The ironbound preserver is healed somewhat.
The vault sentinel is engulfed in freezing vapours.
Casting: Starburst (mildly dangerous; 1% risk of failure)
Confirm with . or Enter, or press ? or * to list all spells.
Casting: Starburst (mildly dangerous; 1% risk of failure)
Press: ? - help, Dir - look around, f - activate The bolt of fire hits the ironbound preserver!!!
The ironbound preserver is almost dead.
You hear a sizzling sound!
You are engulfed in freezing vapours.
* * * LOW HITPOINT WARNING * * *
The vault sentinel is engulfed in freezing vapours.
Casting: Starburst (mildly dangerous; 1% risk of failure)
Confirm with . or Enter, or press ? or * to list all spells.
Casting: Starburst (mildly dangerous; 1% risk of failure)
Press: ? - help, Dir - look around, f - activate The bolt of fire hits the ironbound preserver!!!
You kill the ironbound preserver!
Vehumet accepts your kill.
You feel your power returning.
You hear a sizzling sound!
You are engulfed in freezing vapours.
You die...

....#......#.##(.#####..##.#.....
#####......#......# #......#....#
...........'.##..#####..##.#....#
#.##########.#..###.###..#.#....#
#.#........'.#.###...###.#.#....#
#.#........###.##.....##.###....#
#.#........##.....#.#.....##....#
#.#........##..####§####..##....#
#.#........#####@)).p§.#####....#
..#........###########§## ##....#
..###'######......# #...# #.....#
...^............### #.p.# ###...#
...............## #'''# ##..#
.#######'###...# ..p..... #..#
.#.........#...##........... #..#
.#.........'...##...........##..#
.#.........#...##...........##..#


You could see a vault sentinel.

Vanquished Creatures
  Bai Suzhen (Snake:4)
  Rupert (D:13)
  A quicksilver dragon (Snake:4)
  Polyphemus (Shoals:4)
  Aizul (Snake:1)
  Ilsuiw (Shoals:3)
  7 nagarajas
  3 vault wardens (Vaults:1)
  2 orc warlords
  A frost giant (Shoals:4)
  3 ironbound preservers (Vaults:1)
  A very ugly thing (D:15)
  A broodmother (shapeshifter) (D:15)
  2 formless jellyfish (Vaults:1)
  An ironbound thunderhulk (Vaults:1)
  Azrael (D:15)
  A minotaur (Gauntlet)
  5 dire elephants (Vaults:1)
  An entropy weaver (D:13)
  3 merfolk javelineers
  10 vault guards
  A yaktaur captain (Vaults:1)
  2 rakshasas
  10 merfolk impalers
  A fire dragon (Lair:5)
  2 great orbs of eyes
  7 hydras
  Erica (D:10)
  8 salamander tyrants
  2 alligator snapping turtles
  An ironbound frostheart (Vaults:1)
  4 merfolk avatars
  A catoblepas (Shoals:4)
  12 centaur warriors
  A death knight (D:15)
  3 boulder beetles
  5 anacondas
  5 merfolk aquamancers (Shoals:4)
  13 naga warriors
  8 two-headed ogres
  8 death yaks
  4 tengu warriors (D:14)
  A death scarab (Gauntlet)
  4 orc high priests (Orc:2)
  5 shock serpents
  11 naga sharpshooters
  5 skysharks
  6 salamander mystics
  2 skeletal warriors
  A spectral death yak (Gauntlet)
  3 sea snakes (Shoals:4)
  5 naga ritualists
  6 ironbound convokers (Vaults:1)
  A wizard (Vaults:1)
  2 deep elf archers (D:13)
  5 deep elf pyromancers
  A phantasmal warrior (D:14)
  21 harpies
  9 mana vipers
  2 lindwurms (Lair:5)
  4 orc knights (Orc:2)
  22 ugly things
  An oklob plant (Lair:4)
  9 manticores
  8 orc sorcerers
  26 salamanders
  A moth of wrath (Gauntlet)
  7 cyclopes
  4 fauns (Shoals:3)
  30 black mambas
  8 merfolk sirens
  2 vault sentinels (Vaults:1)
  Maurice (Orc:1)
  6 elephants (Lair:4)
  3 water nymphs
  8 guardian serpents
  20 naga magi
  5 molten gargoyles (D:14)
  10 torpor snails
  2 gargoyles
  18 cane toads
  2 unseen horrors (D:12)
  13 komodo dragons
  A kobold demonologist (D:14)
  An unseen horror zombie (D:9)
  2 yaktaurs
  Jeremiah (D:9)
  A tengu conjurer (D:13)
  2 freezing wraiths (D:14)
  An efreet (D:12)
  2 rime drakes (Lair:3)
  7 trolls
  A hornet (shapeshifter) (D:15)
  3 meliai (D:15)
  3 tyrant leeches (Lair:5)
  28 merfolk
  11 polar bears
  4 wind drakes
  6 hornets (Lair:5)
  Prince Ribbit (D:7)
  16 blink frogs
  10 snapping turtles
  22 dream sheep
  5 raiju (Lair:5)
  2 centaur simulacra
  18 slime creatures
  A shadow (D:13)
  9 water elementals
  Grum (D:10)
  2 wyverns
  5 wraiths
  4 fire elementals (D:15)
  3 fire bats (Gauntlet)
  A basilisk (Lair:3)
  67 yaks
  A hog (shapeshifter) (D:14)
  2 steam dragons
  9 vampire mosquitoes
  2 redbacks (Vaults:1)
  8 wargs
  46 nagas
  2 swamp worms (Lair:1)
  20 water moccasins
  13 hell hounds
  57 orc warriors
  A sky beast (D:7)
  14 black bears
  12 ogres
  6 boggarts
  40 wolves
  2 centaurs
  4 kobold brigands
  12 bullfrogs
  4 scorpions
  5 wights (D:7)
  3 killer bees (D:9)
  8 electric eels
  8 howler monkeys
  A lava snake (D:9)
  4 jellies
  5 hounds
  32 orc priests
  3 sleepcaps
  6 iguanas
  35 orc wizards
  6 hell rats (Lair:5)
  A howler monkey zombie (D:9)
  10 gnolls
  5 adders
  2 river rats (D:6)
  3 white imps
  An ufetubus (D:5)
  5 worms
  A dart slug (D:4)
  121 orcs
  10 bats
  12 endoplasms
  2 giant cockroaches
  14 goblins
  5 hobgoblins
  2 jackals (D:1)
  A quokka (D:1)
  14 ball pythons
  5 frilled lizards
  27 kobolds
  7 rats
1307 creatures vanquished.

Vanquished Creatures (collateral kills)
  3 foxfires
3 creatures vanquished.

Vanquished Creatures (others)
  A manticore (D:14)
  533 foxfires
534 creatures vanquished.

Grand Total: 1844 creatures vanquished

Notes
Turn   | Place    | Note
-------+----------+-------------------------------------------
     0 | D:1      | Ijustatesigmund the Deep Elf Fire Elementalist began the
                  | quest for the Orb.
     0 | D:1      | Reached XP level 1. HP: 10/10 MP: 6/6
   195 | D:1      | Reached XP level 2. HP: 16/16 MP: 8/8
   198 | D:1      | Learned a level 2 spell: Scorch
   775 | D:1      | Reached XP level 3. HP: 20/20 MP: 8/10
  1070 | D:2      | Reached skill level 1 in Fighting
  1458 | D:2      | Found a faded altar of an unknown god.
  1563 | D:2      | Reached skill level 4 in Spellcasting
  1563 | D:2      | Reached XP level 4. HP: 20/25 MP: 6/12
  1568 | D:2      | Learned a level 4 spell: Flame Wave
  2309 | D:3      | Found Taivu's Magic Scroll Boutique.
  2325 | D:3      | Bought a scroll of noise for 14 gold pieces
  2325 | D:3      | Bought a scroll of identify for 28 gold pieces
  2328 | D:3      | Bought a scroll of revelation for 105 gold pieces
  2415 | D:3      | Identified the +8 dagger "Ale Boifu" {flame, Fly rN+}
  2446 | D:3      | Reached XP level 5. HP: 30/30 MP: 10/13
  3050 | D:3      | Gained mutation: You have sharp toenails. [potion of
                  | mutation]
  3050 | D:3      | Gained mutation: You are dopey. (Int -2) [potion of
                  | mutation]
  3050 | D:3      | Gained mutation: Your skin changes colour to match your
                  | surroundings (Stealth+). [potion of mutation]
  3169 | D:4      | Found a staircase to the Ecumenical Temple.
  3174 | D:4      | Reached XP level 6. HP: 35/35 MP: 12/15
  3183 | D:4      | Reached skill level 5 in Spellcasting
  3185 | D:4      | Reached skill level 5 in Fire Magic
  3192 | Temple   | Entered the Ecumenical Temple
  3689 | D:4      | Found Iffeibau's Jewellery Shop.
  3729 | D:4      | Found a blossoming altar of Fedhas.
  3730 | D:4      | Found an ornate altar of the Wu Jian Council.
  3731 | D:4      | Found a hide-covered altar of Uskayaw.
  3735 | D:4      | Lost mutation: You have sharp toenails. [potion of
                  | mutation]
  3735 | D:4      | Lost mutation: You are dopey. (Int -2) [potion of mutation]
  3735 | D:4      | Gained mutation: You are strong-willed. (Will+) [potion of
                  | mutation]
  3735 | D:4      | Gained mutation: You are frail. (-10% HP) [potion of
                  | mutation]
  3735 | D:4      | Gained mutation: You have large cloven feet. [potion of
                  | mutation]
  3736 | D:4      | Lost mutation: Your skin changes colour to match your
                  | surroundings (Stealth+). [potion of mutation]
  3736 | D:4      | Lost mutation: You have large cloven feet. [potion of
                  | mutation]
  3736 | D:4      | Lost mutation: You are frail. (-10% HP) [potion of
                  | mutation]
  3736 | D:4      | Gained mutation: You occasionally lose the ability to drink
                  | potions when taking damage. [potion of mutation]
  3736 | D:4      | Gained mutation: You occasionally shout uncontrollably at
                  | your foes. [potion of mutation]
  3736 | D:4      | Gained mutation: Your spells are a little harder to cast,
                  | but a little more powerful. [potion of mutation]
  3835 | D:4      | You are sucked into a shaft and drop 2 floors!
  3867 | D:6      | Found a glowing drain.
  3884 | Sewer    | Entered a sewer
  4188 | Sewer    | Reached skill level 6 in Spellcasting
  4188 | Sewer    | Reached XP level 7. HP: 32/40 MP: 4/18
  4297 | Sewer    | Lost mutation: You are strong-willed. (Will+) [potion of
                  | mutation]
  4297 | Sewer    | Lost mutation: You occasionally lose the ability to drink
                  | potions when taking damage. [potion of mutation]
  4297 | Sewer    | Lost mutation: You occasionally shout uncontrollably at
                  | your foes. [potion of mutation]
  4297 | Sewer    | Gained mutation: Your flesh is heat resistant. (rF+)
                  | [potion of mutation]
  4297 | Sewer    | Gained mutation: You possess an exceptional clarity of
                  | mind. [potion of mutation]
  4425 | D:6      | Identified the ring "Cinamnoy" {Will+ AC+4}
  5060 | D:6      | Reached skill level 5 in Conjurations
  5135 | D:6      | Noticed an angel
  5137 | D:6      | Found a shimmering altar of Xom.
  5138 | D:6      | Found a glowing silver altar of Zin.
  5254 | D:6      | Reached skill level 1 in Ranged Weapons
  5372 | D:6      | Reached skill level 7 in Spellcasting
  5372 | D:6      | Reached XP level 8. HP: 39/45 MP: 6/20
  5761 | D:5      | Entered Level 5 of the Dungeon
  5919 | D:5      | Found Goklutzo's General Store.
  5928 | D:5      | Found Rutwehuf's Assorted Antiques.
  6280 | D:5      | Found Ycuulola's Jewellery Boutique.
  6400 | D:5      | Identified the +1 robe of Qokadops {rN+}
  6780 | D:5      | Found Hem Otiuk's General Store.
  6904 | D:5      | Found Julobos's Book Shop.
  7315 | D:7      | Reached skill level 8 in Spellcasting
  7541 | D:7      | Reached XP level 9. HP: 49/49 MP: 15/23
  7556 | D:7      | Reached skill level 5 in Ranged Weapons
  7604 | D:7      | Found a snail-covered altar of Cheibriados.
  8028 | D:7      | Noticed Prince Ribbit
  8039 | D:7      | Killed Prince Ribbit
  8217 | D:8      | Reached skill level 9 in Spellcasting
  8224 | D:8      | Reached skill level 5 in Dodging
  8294 | D:8      | Found a flagged portal.
  8303 | Bailey   | Entered a bailey
  8775 | Bailey   | Reached skill level 1 in Evocations
  9464 | D:8      | Reached XP level 10. HP: 46/54 MP: 18/25
  9620 | D:8      | Noticed a cyclops
  9809 | D:8      | Killed a cyclops
  9810 | D:8      | Reached skill level 10 in Spellcasting
  9814 | D:8      | Learned a level 3 spell: Frozen Ramparts
  9817 | D:8      | Learned a level 2 spell: Blink
  9860 | D:8      | Found a radiant altar of Vehumet.
  9865 | D:8      | Became a worshipper of Vehumet
 10141 | D:9      | Reached skill level 1 in Translocations
 10313 | D:9      | Found Slleepho's Superlative Supplies.
 10345 | D:9      | Reached skill level 1 in Ice Magic
 10359 | D:9      | Noticed Jeremiah
 10376 | D:9      | Killed Jeremiah
 10552 | D:9      | Noticed a two-headed ogre
 10562 | D:9      | Killed a two-headed ogre
 10870 | D:10     | Entered Level 10 of the Dungeon
 10874 | D:10     | Noticed Grum
 11865 | D:9      | Found an ancient bone altar of Kikubaaqudgha.
 11866 | D:9      | Found a broken altar of Ashenzari.
 11869 | D:9      | Reached * piety under Vehumet
 11869 | D:9      | Offered knowledge of Kiss of Death by Vehumet.
 12003 | D:9      | Reached skill level 5 in Evocations
 12194 | D:9      | Found a basalt altar of Yredelemnul.
 12300 | D:9      | Found a sacrificial altar of Ru.
 12988 | D:10     | Reached XP level 11. HP: 58/58 MP: 20/27
 12992 | D:10     | Killed Grum
 13257 | D:10     | Reached skill level 5 in Translocations
 13423 | D:10     | Noticed a two-headed ogre
 13429 | D:10     | Killed a two-headed ogre
 13430 | D:10     | Reached skill level 5 in Ice Magic
 13499 | D:10     | Found a shadowy altar of Dithmenos.
 13810 | D:10     | Found a staircase to the Orcish Mines.
 14186 | D:10     | Found a staircase to the Lair.
 14375 | D:10     | Noticed Erica
 14847 | D:10     | Killed Erica
 15090 | D:10     | Found a portal to a secret trove of treasure.
 15096 | D:10     | Identified a scroll of acquirement
 15096 | D:10     | Acquired 852 gold pieces
 15256 | D:4      | Bought the ring of Opti {rElec rN++ Int+6 Dex+2 Slay+3} for
                  | 850 gold pieces
 15480 | D:11     | Found a gate leading to a gauntlet.
 15489 | Gauntlet | Entered a Gauntlet
 15489 | Gauntlet | Found a transporter.
 15500 | Gauntlet | Noticed a death scarab
 15508 | Gauntlet | Found a transporter.
 15508 | Gauntlet | Found a transporter.
 15510 | Gauntlet | Found a transporter.
 15542 | Gauntlet | Found a transporter.
 15542 | Gauntlet | Found a transporter.
 15574 | Gauntlet | Reached skill level 11 in Spellcasting
 15577 | Gauntlet | Offered knowledge of Magic Dart by Vehumet.
 15607 | Gauntlet | Found a large runed translucent door.
 15608 | Gauntlet | Found a large runed translucent door.
 15609 | Gauntlet | Found a large runed translucent door.
 15609 | Gauntlet | Found a large runed translucent door.
 15609 | Gauntlet | Found a transporter.
 15609 | Gauntlet | Found a large runed translucent door.
 15628 | Gauntlet | Noticed a green death
 15636 | Gauntlet | Found a runed translucent door.
 15640 | Gauntlet | Killed a death scarab
 15640 | Gauntlet | Reached ** piety under Vehumet
 15773 | Gauntlet | Found a transporter.
 15779 | Gauntlet | Found a large runed translucent door.
 15780 | Gauntlet | Found a large runed translucent door.
 15781 | Gauntlet | Found a runed translucent door.
 15781 | Gauntlet | Found a large runed translucent door.
 15781 | Gauntlet | Found a large runed translucent door.
 15782 | Gauntlet | Found a large runed translucent door.
 15783 | Gauntlet | Found a large runed translucent door.
 15783 | Gauntlet | Found a large runed translucent door.
 15784 | Gauntlet | Found a large runed translucent door.
 15784 | Gauntlet | Found a large runed translucent door.
 15784 | Gauntlet | Found a large runed translucent door.
 15784 | Gauntlet | Found a large runed translucent door.
 15789 | Gauntlet | Found a transporter.
 15809 | Gauntlet | Noticed a hell hog
 15809 | Gauntlet | Found a runed translucent gate.
 15809 | Gauntlet | Found a runed translucent gate.
 15809 | Gauntlet | Found a runed translucent gate.
 15810 | Gauntlet | Found a transporter.
 15855 | Gauntlet | Found a transporter.
 15860 | Gauntlet | Noticed a fire crab
 15871 | Gauntlet | Found a transporter.
 16004 | Gauntlet | Noticed a minotaur
 16026 | Gauntlet | Killed a minotaur
 16027 | Gauntlet | Reached skill level 10 in Fire Magic
 16036 | Gauntlet | Got an antique book
 16041 | Gauntlet | Identified the -1 cloak of Eternal Night {+Inv rPois rC+
                  | Int+3}
 16041 | Gauntlet | Identified the +1 scale mail "Niymniz" {rCorr Str+4 Dex-5}
 16354 | D:11     | Noticed a two-headed ogre
 16361 | D:11     | Killed a two-headed ogre
 16489 | D:11     | Reached XP level 12. HP: 50/66 MP: 21/29
 16497 | D:11     | Learned a level 3 spell: Swiftness
 16651 | D:11     | Noticed a two-headed ogre
 16655 | D:11     | Killed a two-headed ogre
 17007 | D:12     | Noticed a minotaur
 17116 | D:12     | Noticed a death knight
 17116 | D:12     | Noticed BinkBink's ghost (novice MiFi)
 17129 | D:12     | Reached skill level 1 in Air Magic
 17153 | D:12     | Offered knowledge of Ignite Poison by Vehumet.
 17154 | D:12     | Reached skill level 12 in Spellcasting
 17179 | D:12     | Reached skill level 10 in Conjurations
 17260 | D:12     | Noticed a two-headed ogre
 17265 | D:12     | Learned a level 3 spell: Ignite Poison
 17268 | D:12     | Killed a two-headed ogre
 17955 | D:12     | Reached *** piety under Vehumet
 18290 | D:12     | Found a runed translucent gate.
 18290 | D:12     | Found a runed translucent gate.
 18290 | D:12     | Found a runed translucent gate.
 18518 | D:13     | Noticed a centaur warrior
 19236 | D:13     | Killed a centaur warrior
 19393 | D:13     | Noticed a centaur warrior
 19407 | D:13     | Killed a centaur warrior
 20060 | D:13     | Found a stormy altar of Qazlal.
 20062 | D:13     | Noticed Rupert
 20116 | D:13     | Killed Rupert
 20117 | D:13     | Reached skill level 13 in Spellcasting
 20315 | D:13     | Noticed a vault guard
 20627 | Lair:1   | Entered Level 1 of the Lair of Beasts
 21083 | Lair:1   | Reached XP level 13. HP: 41/72 MP: 27/32
 21099 | Lair:1   | Offered knowledge of Stone Arrow by Vehumet.
 21308 | Lair:1   | You fall into a shaft and drop 1 floor!
 21313 | Lair:2   | Learned a level 3 spell: Stone Arrow
 21326 | Lair:2   | Reached skill level 1 in Earth Magic
 21891 | Lair:2   | Reached skill level 14 in Spellcasting
 22140 | Lair:2   | Found a staircase to the Snake Pit.
 22209 | Lair:1   | Reached **** piety under Vehumet
 23933 | Lair:3   | Got an inconspicuous book
 24173 | Lair:3   | Reached skill level 5 in Earth Magic
 24579 | Lair:3   | Offered knowledge of Lee's Rapid Deconstruction by Vehumet.
 24646 | Lair:3   | Reached skill level 15 in Spellcasting
 24926 | Lair:3   | Found a staircase to the Shoals.
 25445 | Lair:4   | Reached skill level 5 in Fighting
 25629 | Lair:4   | Reached ***** piety under Vehumet
 25630 | Lair:4   | Reached XP level 14. HP: 76/78 MP: 33/35
 25900 | Lair:4   | Offered knowledge of Bombard by Vehumet.
 26810 | Lair:5   | Entered Level 5 of the Lair of Beasts
 27360 | Lair:5   | Reached skill level 16 in Spellcasting
 27468 | Lair:5   | Learned a level 6 spell: Bombard
 27897 | Lair:5   | Reached skill level 10 in Ranged Weapons
 28409 | Lair:5   | Found a viscous altar of Jiyva.
 28409 | Lair:5   | Found a staircase to the Slime Pits.
 29004 | Lair:5   | Found a runed translucent door.
 29031 | Lair:5   | Offered knowledge of Ozocubu's Refrigeration by Vehumet.
 29128 | Lair:5   | Paralysed by a hornet for 3 turns
 30058 | Lair:5   | Reached XP level 15. HP: 85/85 MP: 37/37
 30210 | Lair:5   | Reached skill level 17 in Spellcasting
 30341 | Lair:5   | Upgraded the game from 0.31-a0-845-g9abc20d24f to
                  | 0.31-a0-846-gb3bcc0d938
 30465 | Orc:1    | Entered Level 1 of the Orcish Mines
 30468 | Orc:1    | Noticed Maurice
 30476 | Orc:1    | Killed Maurice
 30773 | Orc:1    | Offered knowledge of Arcjolt by Vehumet.
 30935 | Orc:1    | Found Jiohec's Book Shoppe.
 30946 | Orc:1    | Bought a book of Weapons for 392 gold pieces
 30951 | Orc:1    | Learned a level 4 spell: Iskenderun's Mystic Blast
 31024 | Orc:2    | Entered Level 2 of the Orcish Mines
 32086 | Orc:2    | Found Xaeseric's Magic Scroll Emporium.
 32099 | Orc:2    | Bought a scroll of revelation for 82 gold pieces
 32159 | Orc:2    | Found Welle's Jewellery Shoppe.
 32908 | Orc:2    | Found a staircase to the Elven Halls.
 34100 | Orc:2    | Reached ****** piety under Vehumet
 34406 | Orc:2    | Found Hoomij's Distillery.
 34414 | Orc:2    | Bought a potion of heal wounds for 80 gold pieces
 35142 | Orc:2    | Found Fuumef's Book Emporium.
 35176 | Orc:2    | Bought a manual of Shields for 960 gold pieces
 35935 | D:13     | Found a runed translucent gate.
 35936 | D:13     | Found a runed translucent gate.
 35937 | D:13     | Found a runed translucent gate.
 35938 | D:13     | Noticed Hatoon's ghost (journeyman OpSh)
 37650 | D:13     | Offered knowledge of Starburst by Vehumet.
 37844 | D:13     | Found a gate to the Vaults.
 38457 | D:14     | Reached skill level 18 in Spellcasting
 39063 | D:14     | Found a glowing golden altar of the Shining One.
 39955 | D:14     | Reached XP level 16. HP: 78/92 MP: 38/40
 40429 | D:14     | Learned a level 6 spell: Starburst
 40806 | D:15     | Entered Level 15 of the Dungeon
 41623 | D:15     | Learned a level 5 spell: Irradiate
 42437 | D:15     | Offered knowledge of Freezing Cloud by Vehumet.
 42605 | D:15     | Noticed Azrael
 42615 | D:15     | Killed Azrael
 43472 | D:15     | Found a staircase to the Depths.
 44477 | Shoals:1 | Entered Level 1 of the Shoals
 44490 | Shoals:1 | Identified the +6 flail of Uskayaw's Benevolence {freeze,
                  | Str+4}
 44504 | Shoals:1 | Reached skill level 15 in Ranged Weapons
 44504 | Shoals:1 | Upgraded the game from 0.31-a0-846-gb3bcc0d938 to
                  | 0.31-a0-851-g7ff8af7976
 45540 | Shoals:1 | Learned a level 5 spell: Freezing Cloud
 46416 | Shoals:2 | Found Soaboher's Book Emporium.
 48136 | Shoals:3 | Noticed Ilsuiw
 48421 | Shoals:3 | Noticed Mara
 48425 | Shoals:3 | Noticed Ijustatesigmund's illusion
 48546 | Shoals:4 | Entered Level 4 of the Shoals
 48796 | Snake:1  | Entered Level 1 of the Snake Pit
 48884 | Snake:1  | Found Fycryrghau's Magic Scroll Boutique.
 48890 | Snake:1  | Bought a scroll of blinking for 97 gold pieces
 48890 | Snake:1  | Bought a scroll of fear for 52 gold pieces
 48890 | Snake:1  | Bought a scroll of revelation for 97 gold pieces
 48890 | Snake:1  | Bought a scroll of teleportation for 39 gold pieces
 48890 | Snake:1  | Bought a scroll of enchant armour for 97 gold pieces
 48908 | Snake:1  | Reached XP level 17. HP: 101/101 MP: 41/41
 49168 | Snake:1  | Noticed Aizul
 49179 | Snake:1  | Killed Aizul
 49592 | Snake:1  | Reached skill level 19 in Spellcasting
 50458 | Snake:2  | Offered knowledge of Fireball by Vehumet.
 51135 | Snake:2  | Found Xetu's Book Emporium.
 52119 | Snake:4  | Entered Level 4 of the Snake Pit
 52967 | Snake:3  | Reached skill level 20 in Spellcasting
 53049 | Snake:3  | Offered knowledge of Maxwell's Capacitive Coupling by
                  | Vehumet.
 54349 | Snake:3  | Reached skill level 10 in Ice Magic
 54779 | Snake:4  | Reached skill level 1 in Shields
 55274 | Snake:4  | Noticed Bai Suzhen
 55279 | Snake:4  | Killed Bai Suzhen
 55533 | Snake:4  | Reached skill level 5 in Shields
 55533 | Snake:4  | Reached XP level 18. HP: 78/107 MP: 44/44
 56545 | Snake:4  | Reached skill level 5 in Stealth
 57621 | Snake:4  | Got a serpentine rune of Zot
 58092 | Shoals:4 | Learned a level 2 spell: Passwall
 58223 | Shoals:4 | Offered knowledge of Fire Storm by Vehumet.
 58223 | Shoals:4 | Offered knowledge of Chain Lightning by Vehumet.
 58223 | Shoals:4 | Offered knowledge of Polar Vortex by Vehumet.
 58543 | Shoals:4 | Noticed Polyphemus
 58775 | Shoals:4 | Killed Polyphemus
 59038 | Shoals:4 | Reached skill level 10 in Shields
 59273 | Shoals:4 | Reached skill level 10 in Stealth
 59992 | Shoals:4 | Reached skill level 10 in Fighting
 60404 | Shoals:4 | Got a barnacled rune of Zot
 60792 | Shoals:3 | Killed Ilsuiw
 61397 | Vaults:1 | Entered Level 1 of the Vaults
 61430 | Vaults:1 | Reached skill level 15 in Conjurations
 62178 | Vaults:1 | Reached XP level 19. HP: 22/112 MP: 45/45
 63240 | Vaults:1 | Found Teem's Armour Emporium.
 64233 | Vaults:1 | Reached skill level 21 in Spellcasting
 64409 | Vaults:1 | Identified the +2 lajatang of the Lettuce {heavy, Str+5}
 64425 | Vaults:1 | Engulfed by a cloud of freezing vapour

Illustrated notes

Levels and vault maps discovered:
D:1:      dpeg_arrival_shrine, layout_loops_ring, minmay_gold_behind_fungi
D:2:      layout_basic, chequers_ecumenical_altar_grove
D:3:      layout_loops_ring, serial_shops, shop, cheibrodos_gnoll_hut
D:4:      nicolae_cairo_tiling_large_dashed, layout_cave_pools, minitemple,
          serial_shops, shop, chequers_serial_rivers_marsh
D:5:      layout_basic, serial_shops, nicolae_square_shop, shop, shop, shop,
          shop
D:6:      layout_cave_pods, grunt_temple_overflow_order_and_chaos_1,
          portal_sewer_entry_c, nrook_mini_vaults, kennysheep_generic_room_6
D:7:      layout_basic, overflow_temple_1_default, uniq_prince_ribbit1
D:8:      kennysheep_big_flooded_room, layout_cave_pools,
          mainiacjoe_overflow_alcove_1, enter_bailey_5
D:9:      layout_loops_corners, lemuel_zombie_altar_yredelemnul,
          nicolae_ru_path_of_blood, gammafunk_temple_overflow_pools,
          nicolae_alphabet_shops, kennysheep_donut, kennysheep_flooded_box,
          grunt_decor_junction, uniq_jeremiah
D:10:     layout_cross, mainiacjoe_overflow_small_starburst,
          grunt_lair_entry_orc_guard_hut, enter_trove_2, uniq_erica, uniq_grum
D:11:     layout_long_grid, gauntlet_entry_generic
D:12:     layout_loops_ring, serial_aquarium, aquarium_bridge_square
          [aquarium_subvault_bridge, aquarium_subvault_balcony,
          aquarium_subvault_bridge, aquarium_subvault_bridge],
          aquarium_window_1, aquarium_window_fake, aquarium_window_corner,
          aquarium_view_2a, aquarium_view_2c, aquarium_pool_five,
          maelrawn_ghost_gauntlet_escape
D:13:     layout_irregular_city, grunt_vaults_entry_fortified,
          gammafunk_ghost_spectres, nicolae_qazlal_scattered_showers,
          uniq_rupert
D:14:     nzn_winding_woodlands_small [nzn_winding_woodlands_5x15_eye,
          nzn_winding_woodlands_center_pierced_h,
          nzn_winding_woodlands_5x15_pool], layout_rooms,
          nicolae_tso_swordbearing_angel, minivault_8
D:15:     gammafunk_enter_depths_forms, layout_loops_cross, serial_bayou,
          serial_bayou_shore_a, serial_bayou_lagoon_a, serial_bayou_pond_d,
          serial_bayou_lake_a, hangedman_glass_teeth, uniq_azrael
Temple:   eino_temple_lava
Lair:1:   layout_regular_city, worms_lemuel, infiniplex_staircase_pool
Lair:2:   layout_gridlike, guppyfry_snake_entry_island
Lair:3:   layout_chaotic_city, minmay_shoals_entry_lonely_mermaid, serial_bayou,
          serial_bayou_lagoon_b, serial_bayou_pond_b, serial_bayou_pond_e,
          serial_bayou_pond_d, serial_bayou_pond_a
Lair:4:   layout_small_grid, dpeg_oklob_1
Lair:5:   wormcave, layout_cave_pods, hangedman_lair_caniforms_friends,
          nicolae_slime_entry_slimehenge, grunt_megastairs_5
Shoals:1: layout_shoals
Shoals:2: layout_shoals, serial_shops, nicolae_book_shop_shelving
Shoals:3: layout_shoals, nicolae_shoals_cliffside_cave, uniq_mara, uniq_ilsuiw
Shoals:4: shoals_end_grunt_ice, layout_shoals, shoals_ilsuiw_ice,
          uniq_polyphemus
Snake:1:  layout_cave_shapes, serial_shops, shop, uniq_aizul
Snake:2:  layout_concentric_octagons, serial_shops, nicolae_book_shop_shelving
Snake:3:  layout_cave_town, nicolae_snake_single_loop
Snake:4:  hellmonk_snake_rune_quicksilver_temple, layout_gridlike,
          uniq_bai_suzhen
Orc:1:    layout_diamond_mine, serial_shops, nicolae_shop_waterfront,
          uniq_maurice
Orc:2:    pubby_orc_utopia
Vaults:1: nicolae_vaults_network_quinsquares
          [nicolae_vaults_network_quincunx_subvault,
          nicolae_vaults_network_quincunx_subvault,
          nicolae_vaults_network_quincunx_subvault,
          nicolae_vaults_network_quincunx_subvault],
          nicolae_vaults_more_shelving_1, vaults_room_boxed, vaults_dpeg_ring,
          nicolae_vaults_what_the_h, nicolae_vaults_house_1, v_misc_23,
          nicolae_vaults_twisting_passages, nicolae_vaults_storage_closets_2,
          grunt_vaults_hallway_short, nicolae_vaults_meeting,
          layout_vaults_chaotic_city, serial_shops, shop

Skill      XL: |  1  2  3  4  5  6  7  8  9 10 11 12 13 14 15 16 17 18 19 |
---------------+----------------------------------------------------------+-----
Fighting       | 1 2 3 4 5 6 7 9 10 | 10.1
Conjurations   | 2 3 4 5 6 7 8 9 11 12 13 14 15 | 15.6
Spellcasting   | 4 6 7 8 9 10 11 13 15 16 18 20 21 | 21.0
Fire Magic     | 4 5 6 7 8 10 11 12 13 | 13.6
Ranged Weapons | 2 4 6 7 8 11 12 15 | 15.3
Dodging        | 3 5 6 7 9 |  9.8
Evocations     | 1 5 6 7 9 |  9.2
Translocations | 4 5 7 |  7.2
Ice Magic      | 4 5 6 10 | 10.0
Air Magic      | 4 |  4.0
Earth Magic    | 6 |  6.0
Shields        | 5 11 | 11.0
Stealth        | 10 | 10.0

Action                     |  1- 3 |  4- 6 |  7- 9 | 10-12 | 13-15 | 16-18 | 19-21 || total
---------------------------+-------+-------+-------+-------+-------+-------+-------++-------
  Melee: Rapier            |     5 |       |       |       |       |       |       ||     5
         Dagger            |       |    10 |    11 |    20 |       |       |       ||    41
         Kick              |       |     2 |       |       |       |       |       ||     2
   Fire: Sling             |       |       |    89 |       |       |       |       ||    89
         Orcbow            |       |       |       |   158 |  1125 |  1552 |    63 ||  2898
   Cast: Foxfire           |    56 |    67 |    51 |    47 |    37 |    61 |       ||   319
         Scorch            |     8 |    17 |   102 |    88 |    49 |    30 |     3 ||   297
         Flame Wave        |       |     7 |    19 |    54 |    69 |    23 |     1 ||   173
         Frozen Ramparts   |       |       |       |    16 |    50 |    27 |       ||    93
         Stone Arrow       |       |       |       |       |    27 |     6 |       ||    33
         Swiftness         |       |       |       |       |     2 |       |       ||     2
         Bombard           |       |       |       |       |    87 |   179 |    23 ||   289
         Iskenderun's Myst |       |       |       |       |    14 |    45 |     5 ||    64
         Blink             |       |       |       |       |     5 |       |       ||     5
         Freezing Cloud    |       |       |       |       |       |    75 |     6 ||    81
         Irradiate         |       |       |       |       |       |    16 |       ||    16
         Starburst         |       |       |       |       |       |    11 |     7 ||    18
         Passwall          |       |       |       |       |       |     2 |       ||     2
  Evoke: Wand              |       |       |     4 |    18 |    22 |     4 |     2 ||    50
         Condenser vane    |       |       |       |     2 |       |       |       ||     2
    Use: Scroll            |       |    15 |     7 |    10 |     7 |    19 |     1 ||    59
         Potion            |       |     4 |     5 |    10 |     4 |    15 |     4 ||    42
   Stab: Sleeping          |     1 |     2 |     4 |       |       |       |       ||     7
         Paralysed         |       |       |     2 |    18 |       |       |       ||    20
 Armour: Robe              |     5 |    25 |   110 |   178 |   382 |   478 |    38 ||  1216
         Steam dragon scal |       |       |       |    32 |       |       |       ||    32
  Dodge: Dodged            |    11 |    26 |    89 |   181 |   436 |   459 |     8 ||  1210
  Block: Other             |       |       |    34 |    61 |   146 |   134 |     5 ||   380
         Reflection        |       |       |       |     8 |    22 |    23 |     3 ||    56

Table legend: (Time is in decaauts)
 A = Elapsed time spent in this place.
 B = Non-inter-level travel time spent in this place.
 C = Inter-level travel time spent in this place.
 D = Time resting spent in this place.
 E = Time spent auto-exploring this place.
 F = Levels seen in this place.
 G = Mean time per level.
                   A        B        C        D        E       F      G
               +--------+--------+--------+--------+--------+-----+--------+
         Total |  64591 |  62180 |   2411 |  29350 |  23991 |  35 | 1845.5 |
       Dungeon |  28341 |  27092 |   1249 |  13088 |  10593 |  15 | 1889.4 |
        Temple |     76 |     76 |      0 |     70 |      0 |   1 |   76.0 |
          Lair |  10128 |   9580 |    548 |   4055 |   3985 |   5 | 2025.6 |
        Shoals |   7756 |   7538 |    218 |   3652 |   2816 |   4 | 1939.0 |
     Snake Pit |   8850 |   8599 |    251 |   4190 |   3159 |   4 | 2212.5 |
  Orcish Mines |   4746 |   4603 |    143 |   1838 |   2023 |   2 | 2373.0 |
        Vaults |   2864 |   2864 |      0 |   1544 |   1026 |   1 | 2864.0 |
         Sewer |    496 |    496 |      0 |    190 |    189 |   1 |  496.0 |
        Bailey |    800 |    800 |      0 |    498 |    198 |   1 |  800.0 |
      Gauntlet |    529 |    529 |      0 |    221 |      0 |   1 |  529.0 |
               +--------+--------+--------+--------+--------+-----+--------+

Top non-repeatable levels by time:
    D:13: 4735 daAuts
   Orc:2: 3944 daAuts
     D:9: 3758 daAuts
 Snake:4: 3317 daAuts
  Lair:5: 3098 daAuts
Shoals:4: 2952 daAuts
Vaults:1: 2864 daAuts
    D:15: 2815 daAuts
    D:14: 2657 daAuts
Shoals:2: 2469 daAuts
 Snake:3: 2349 daAuts
    D:12: 2212 daAuts
  Lair:4: 2016 daAuts
  Lair:2: 1882 daAuts
    D:10: 1858 daAuts
